Match 41529554
Unlisted

Match 41529554
End
Panzergrenadier Squad
Panzergrenadier Squad
250 Light Carrier
Construct Light Support Kompanie
Selects Panzerjäger Kommand Battlegroup
Selects Mine Fields
Panzerjäger Squad
Fire Support Elements
Selects Tank Busters
Combat Half-tracks
le.IG 18 Mechanized Group
Veteran Squad Leaders
Flakvierling Half-track
Selects Defensive Positions
Vehicle Survival Package
AI Takeover
Zoomer
savage uncaged
Hollywood_969
Blanco
NiuZeta
JRocinante
noLiberation
Ladislava
0
0

Comments sign in to comment!

No comments posted yet!